 Dungeon Crawl Stone Soup version 0.18-a0-867-gfd1cc8f (webtiles) character file.

58 4thArraOfDagon the Sneak (level 3, 0/17 HPs)
             Began as a Felid Fighter on Dec 21, 2015.
             Was an Initiate of Dithmenos.
             Slain by a quokka (2 damage)
             ... on level 3 of the Dungeon.
             The game lasted 00:04:07 (783 turns).

4thArraOfDagon the Sneak (Felid Fighter)             Turns: 783, Time: 00:04:07

Health: 0/17       AC:  1    Str: 12    XL:     3   Next: 76%
Magic:  4/4        EV: 19    Int:  9    God:    Dithmenos [......]
Gold:   60         SH:  0    Dex: 16    Spells: 0 memorised, 2 levels left
                                        Lives:  0   Deaths: 0

rFire  . . .     SeeInvis +       - Unarmed
rCold  . . .     Gourm    .     (armour unavailable)
rNeg   . . .     Faith    .     (shield unavailable)
rPois  .         Spirit   .     (helmet unavailable)
rElec  .         Dismiss  .     (cloak unavailable)
rCorr  .         Reflect  .     (gloves unavailable)
SustAt .         Harm     .     (boots unavailable)
MR     .....                    (no amulet)
Stlth  ++++......               (no ring)
                                (no ring)

@: quick, not resistant to hostile enchantments, stealthy
A: no armour, no weapons or thrown items, claws 1, fangs 3, see invisible,
carnivore 3, speed 1, shaggy fur 1, slow metabolism 1, sharp paws
a: Renounce Religion


You were on level 3 of the Dungeon.
You worshipped Dithmenos.
Dithmenos was noncommittal.
You were very full.

You visited 1 branch of the dungeon, and saw 3 of its levels.

You collected 60 gold pieces.

Inventory:

Scrolls
 c - 2 scrolls of identify {unknown}
 e - a scroll of teleportation {unknown}
 g - 2 scrolls of remove curse {unknown}
 h - a scroll of enchant armour {unknown}
Potions
 a - a potion of might
 f - a potion of mutation {unknown}
Books
 j - a book of Party Tricks

   Spells                             Type                      Level
   a - Summon Butterflies             Summoning                    1
   b - Apportation                    Translocation                1
   c - Tukima's Dance                 Hexes                        3
   d - Alistair's Intoxication        Transmutation/Poison         4
   e - Invisibility                   Hexes                        6
Comestibles
 b - 2 meat rations
 d - a slice of pizza
 i - a royal jelly


   Skills:
 + Level 3.1 Fighting
 + Level 4.0 Dodging
 * Level 4.6 Stealth
 * Level 4.1 Unarmed Combat
 + Level 0.2 Invocations


You had 2 spell levels left.
You didn't know any spells.

Dungeon Overview and Level Annotations

Branches:
Dungeon (3/15)

Altars:
Dithmenos
Elyvilon
Gozag
Pakellas
Qazlal
Trog
Xom
Yredelemnul

Annotations:
D:3 WhatIsLove's ghost, amateur DsBe


Innate Abilities, Weirdness & Mutations

You cannot wear armour.
You are incapable of wielding weapons or throwing items.
You have sharp claws.
You have razor-sharp teeth.
You have supernaturally acute eyesight.
You are carnivorous and can eat meat at any time.
You cover ground quickly.
You are covered in fur (AC +1).
You have a slow metabolism.
Your sharp claws are effective at attacking unaware monsters.


Message History

The quokka twitches its whiskers.
The rat completely misses you.
You see here a hardcover book.
j - a book of Party Tricks The quokka bites you.
* * * LOW HITPOINT WARNING * * *
WhatIsLove's ghost boasts, "I have defeated monsters you have never seen."
Unknown command.
The quokka misses you.
Unknown command.
Unknown command.
Drink which item? (? for menu, Esc to quit)
Okay, then.
You scratch the quokka.
The quokka is severely wounded.
The quokka barely misses you.
You scratch the quokka.
The quokka is almost dead.
The quokka bites you.
You die...

....l...#
####..#.#####
##..........#
##W#...####.#
##†#(..####.###
##.#...l...l..#
...$....##.#W.##
##....W.g..#..r####
.%..#...r#####.r@.#
##.........#...##.#
#....#.$##.#...# .#
........# .....# .#
#..##..!###.#... .#
#.. ........#... ..
.....### #... ..
.......


You could see WhatIsLove's ghost, a quokka, a giant newt and a rat.

Vanquished Creatures
  3 adders (D:2)
  3 giant cockroaches
  A goblin (D:3)
  5 hobgoblins
  3 jackals (D:3)
  3 quokkas (D:2)
  3 bats
  2 giant newts (D:2)
  3 kobolds
  5 rats
31 creatures vanquished.

Notes
Turn   | Place    | Note
--------------------------------------------------------------
     0 | D:1      | 4thArraOfDagon the Felid Fighter began the quest for the Orb.
     0 | D:1      | Reached XP level 1. HP: 10/10 MP: 2/2
    40 | D:2      | Reached skill level 1 in Stealth
   288 | D:2      | Reached XP level 2. HP: 9/14 MP: 3/3
   414 | D:2      | Found a bloodstained altar of Trog.
   423 | D:2      | Reached XP level 3. HP: 10/17 MP: 4/4
   494 | D:2      | Found a stormy altar of Qazlal.
   498 | D:2      | Found a basalt altar of Yredelemnul.
   503 | D:2      | Found a white marble altar of Elyvilon.
   508 | D:2      | Found a shadowy altar of Dithmenos.
   512 | D:2      | Found an opulent altar of Gozag.
   520 | D:2      | Found an oddly glowing altar of Pakellas.
   524 | D:2      | Found a shimmering altar of Xom.
   538 | D:2      | Became a worshipper of Dithmenos the Shadowed
   743 | D:3      | Noticed WhatIsLove's ghost (amateur DsBe)
   783 | D:3      | Slain by a quokka

Vault maps used:
D:1:      dpeg_arrival_sounds_slurp, serial_bayou_crossing
D:2:      grunt_temple_overflow_octagram, lemuel_doored_altar,
          kennysheep_generic_room_2
D:3:      first_bread

Action                   || total
-------------------------++-------
Melee: Unarmed           ||    77
  Use: Potion            ||     2
 Stab: Sleeping          ||    10
       Distracted        ||     1
  Eat: Chunk             ||     6
